 Dungeon Crawl Stone Soup version 0.29-a0-364-g921d912d32 (webtiles) character file.

Game seed: 11701299747606425959

61 spiderkeys the Skirmisher (level 3, -1/29 HPs)
             Began as a Mummy Abyssal Knight on Apr 30, 2022.
             Was a Priest of Lugonu.
             Frozen to death by an endoplasm (2 damage)
             ... on level 4 of the Dungeon.
             The game lasted 00:02:51 (2358 turns).

spiderkeys the Skirmisher (Mummy Abyssal Knight)    Turns: 2358, Time: 00:02:52

Health: -1/29      AC:  6    Str: 16    XL:     3   Next: 83%
Magic:  4/4        EV: 10    Int: 11    God:    Lugonu [***...]
Gold:   65         SH:  0    Dex: 12    Spells: 2/2 levels left

rFire   x . .      SeeInvis .   m - +0 trident
rCold   + . .      Faith    .   (no shield)
rNeg    + + +      Spirit   .   g - +0 ring mail
rPois   ∞          Reflect  .   (no helmet)
rElec   .          Harm     .   (no cloak)
rCorr   .          Rampage  .   d - +0 pair of gloves
Will    .....                   (no boots)
Stlth   +.........              c - amulet of magic regeneration
HPRegen 0.09/turn               (no ring)
MPRegen 0.49/turn               (no ring)

@: no status effects
A: cold resistance 1, negative energy resistance 3, torment resistance 2, heat
vulnerability 1, in touch with death 1, no potions
a: Renounce Religion, Depart the Abyss, Bend Space, Banish


You were on level 4 of the Dungeon.
You worshipped Lugonu.
Lugonu was most pleased with you.
You visited 1 branch of the dungeon, and saw 4 of its levels.
You visited the Abyss 1 time.

You collected 65 gold pieces.


Innate Abilities, Weirdness & Mutations

You are immune to poison.
Your flesh is cold resistant. (rC+)
You are immune to negative energy. (rN+++)
You are immune to unholy pain and torment.
You are vulnerable to heat. (rF-)
You are in touch with the powers of death.
You do not drink.


   Skills:
 + Level 3.5 Fighting
 + Level 2.2 Polearms
 - Level 1.5 Armour
 + Level 1.5 Dodging
 + Level 2.2 Invocations


You had 2 spell levels left.
You didn't know any spells.
Your spell library contained the following spells:

 Spells                   Type           Power      Damage    Failure   Level
 Scorch                   Fire           0%         2d5       69%         2
 Flame Wave               Conj/Fire      0%         2d4       100%        4
 Petrify                  Tmut/Erth      0%         N/A       100%        4
 Irradiate                Conj/Tmut      0%         3d13      100%        5
 Summon Cactus Giant      Summ           0%         N/A       100%        6
 Sublimation of Blood     Necr           Unusable   N/A       N/A         2

Inventory:

Hand Weapons
 a - a +1 spear
 m - a +0 trident (weapon)
   (You found it on level 2 of the Dungeon)
Missiles
 n - 37 stones
Armour
 b - a +0 leather armour
 d - a +0 pair of gloves (worn)
   (You found it on level 1 of the Dungeon)
 g - a +0 ring mail (worn)
   (You found it on level 2 of the Dungeon)
 l - a +0 robe
   (You found it on level 2 of the Dungeon)
Jewellery
 c - an amulet of magic regeneration (around neck)
   (You found it on level 1 of the Dungeon)
Scrolls
 e - a scroll of vulnerability {unknown}
 f - a scroll of brand weapon {unknown}
 h - a scroll of identify {unknown}
 i - a scroll of amnesia {unknown}
 j - a scroll of teleportation {@r4}
 k - a scroll of blinking {unknown}

Dungeon Overview and Level Annotations

Branches:
Dungeon (4/15)
 Temple: D:4-7

Altars:

Shops:
D:2

?? ... ###.
#. .. #. .#
##$ #####>^
.......##
##.....##
##.......##
......J@..#
##.......##
##<....##
##...##
##.# #. #.
..


You could see an endoplasm.


Message History

The orc attacks as you move away!
The orc hits you with a +0 short sword. 😕 HP[-4]
You take 4 damage, and now have 22/29 hp.
The kobold attacks as you move away! The kobold hits you but does no damage.
There is a stone staircase leading down here.
The kobold barely misses you.
You climb downwards.
There is a stone staircase leading up here.
You closely miss the kobold. The kobold barely misses you.
You barely miss the kobold.
The kobold hits you but does no damage. 😕 HP[+1]
You puncture the kobold!
You kill the kobold!
Lugonu accepts your kill.
You barely miss the quokka.
The quokka bites you but does no damage.
You miss the quokka. The quokka closely misses you.
The quokka bites you. 😕 HP[-1]
You take 1 damage, and now have 22/29 hp.
You closely miss the quokka. The quokka closely misses you.
You hit the quokka but do no damage. The quokka barely misses you.
You barely miss the quokka. The quokka closely misses you.
The quokka bites you but does no damage.
You hit the quokka. The quokka misses you.
You miss the quokka.
The quokka bites you but does no damage.
A necrophage comes into view.
The quokka bites you but does no damage.
You barely miss the quokka. The quokka barely misses you. 😕 HP[+1]
You closely miss the quokka. The quokka barely misses you.
You hit the quokka. The quokka bites you.
The quokka closely misses you. 😮 HP[-3]
You take 3 damage, and now have 20/29 hp.
You closely miss the quokka.
The quokka bites you but does no damage.
The necrophage barely misses you.
You closely miss the quokka. The quokka barely misses you.
The necrophage hits you.
* * * LOW HITPOINT WARNING * * *
The quokka barely misses you. 😨 HP[-6]
You take 6 damage, and now have 14/29 hp.
MASSIVE DAMAGE!! (PAUSE)
You miss the quokka. The necrophage hits you.
* * * LOW HITPOINT WARNING * * *
The quokka bites you but does no damage.
The necrophage hits you.
* * * LOW HITPOINT WARNING * * *
😱 HP[-10]
You take 10 damage, and now have 4/29 hp.
MASSIVE DAMAGE!! (PAUSE)
You hit the quokka but do no damage. The quokka closely misses you.
The necrophage hits you but does no damage.
Okay, then.
Space bends violently around you!
You blink. 😱 HP[-2] MP[-1]
You take 2 damage, and now have 2/29 hp.
You lost 1 mp, and now have 3/4 mp.
Okay, then.
As you read the scroll of teleportation {@r4}, it crumbles to dust.
You feel strangely unstable. 😱 MP[+1]
Your mp is fully restored (4).
Reach: m) +0 trident
Press: ? - help, Dir - move target, f - quokka
Aim: a quokka (severely wounded, about 54% to evade your +0 trident)
You reach to attack!
You hit the quokka.
Your surroundings suddenly seem different.
An endoplasm comes into view.
Found 11 gold pieces.
Found a stone staircase leading up and a stone staircase leading down.
The endoplasm quivers. 😱 HP[+1] Reach: m) +0 trident
Press: ? - help, Dir - move target, f - endoplasm
Aim: an endoplasm (about 15% to evade your +0 trident)
You reach to attack!
You completely miss the endoplasm. You hit the endoplasm.
The endoplasm freezes you.
You are frozen.
You resist.
* * * LOW HITPOINT WARNING * * *
😱 HP[-1]
You take 1 damage, and now have 2/29 hp.
You barely miss the endoplasm. The endoplasm freezes you.
You are frozen.
You resist.
* * * LOW HITPOINT WARNING * * *
😱 HP[-1]
You take 1 damage, and now have 1/29 hp.
You barely miss the endoplasm.
The endoplasm hits you but does no damage. x2
You hit the endoplasm.
The endoplasm hits you but does no damage.
You hit the endoplasm. The endoplasm barely misses you.
You hit the endoplasm but do no damage. The endoplasm freezes you.
You are frozen.
You resist.
You die...

Skill      XL: |  1  2 |
---------------+-------+-----
Dodging        | 1 |  1.5
Invocations    | 2 |  2.2
Polearms       | 2 |  2.2
Fighting       | |  3.5
Armour         | |  1.5

Action                   || total
-------------------------++-------
Melee: Spear             ||   116
       Trident           ||    36
Invok: Bend Space        ||     1
  Use: Scroll            ||     2
Armor: Leather armour    ||    17
       Ring mail         ||    25
Dodge: Dodged            ||    57

Levels and vault maps discovered:
D:1:      minmay_arrival_arboretum_small, layout_rooms, minmay_tetromino_s2
D:2:      layout_loops_corners, serial_shops, nicolae_diamond_shop,
          nicolae_shop_temple_entry_statues_fountains, kennysheep_another_room,
          minmay_misc_feat_room
D:3:      layout_basic, supply_closet_lemuel, uniq_crazy_yiuf_cottage,
          uniq_natasha
D:4:      layout_loops_ring, gammafunk_temple_overflow_elements

Notes
Turn   | Place    | Note
-------+----------+-------------------------------------------
     0 | Abyss:1  | spiderkeys the Mummy Abyssal Knight began the quest for the
                  | Orb.
     0 | Abyss:1  | Reached XP level 1. HP: 18/18 MP: 2/2
     0 | Abyss:1  | magus.rc [v1.11.3]
     4 | Abyss:1  | Found a corrupted altar of Lugonu.
    12 | D:1      | You pass through the gate.
    12 | D:1      | Escaped the Abyss
    95 | D:1      | Reached skill level 1 in Dodging
   257 | D:1      | Reached XP level 2. HP: 8/24 MP: 3/3
   259 | D:1      | HP: 5/24 [dart slug (3)]
   491 | D:1      | You pick up a book of Alchemy and begin reading...
   491 | D:1      | You add the spells Petrify and Irradiate to your library.
   822 | D:1      | Reached skill level 2 in Invocations
   941 | D:2      | Reached skill level 2 in Polearms
   941 | D:2      | Gained mutation: You are in touch with the powers of death.
                  | [Mummy growth]
   941 | D:2      | Reached XP level 3. HP: 25/29 MP: 4/4
   981 | D:2      | Found Xinugh's Magic Scroll Boutique.
  1106 | D:2      | Found Iniopis's Magic Scroll Shoppe.
  1511 | D:2      | Reached *** piety under Lugonu
  2194 | D:2      | You pick up a book of Scorching and begin reading...
  2194 | D:2      | You add the spells Scorch, Flame Wave and Summon Cactus
                  | Giant to your library.
  2339 | D:4      | Noticed a necrophage
  2345 | D:4      | HP: 4/29 [necrophage (4)]
  2353 | D:4      | HP: 2/29 [frozen (1)]
  2358 | D:4      | Frozen to death by an endoplasm

Vanquished Creatures
  An adder (D:2)
  3 worms (D:2)
  A dart slug (D:1)
  3 endoplasms
  5 goblins
  5 hobgoblins
  4 jackals (D:2)
  2 quokkas
  3 ball pythons (D:1)
  6 bats
  2 frilled lizards
  A kobold (D:4)
  2 rats
38 creatures vanquished.

Table legend:
 A = Non-vault XP
 B = Vault XP
 C = Vault XP percentage of total XP
 D = Non-vault monster count
 E = Vault monster count
 F = Vault count percentage of total count
                 A         B        C        D         E       F
            +---------+---------+-------+---------+---------+-------
      Total |      84 |       4 |   4.5 |      36 |       2 |   5.3
            +---------+---------+-------+---------+---------+-------
        D:1 |      28 |       4 |  12.5 |      16 |       2 |  11.1
        D:2 |      49 |       0 |   0.0 |      16 |       0 |   0.0
        D:3 |       6 |       0 |   0.0 |       3 |       0 |   0.0
        D:4 |       1 |       0 |   0.0 |       1 |       0 |   0.0
            +---------+---------+-------+---------+---------+-------

Illustrated notes

Table legend:
 A = Kills in this place as a percentage of kills in entire the game.
 B = Kills by you in this place as a percentage of kills by you in the entire game.
 C = Kills by friends in this place as a percentage of kills by friends in the entire game.
 D = Other kills in this place as a percentage of other kills in the entire game.
 E = Experience gained in this place as a percentage of experience gained in the entire game.
 F = Experience gained in this place divided by the number of levels of this place that you have seen.
                   A       B       C       D       E      F
               +-------+-------+-------+-------+-------+----------------------
         Total | 100.0 | 100.0 |   N/A |   N/A | 100.0 |  17.6
       Dungeon | 100.0 | 100.0 |   N/A |   N/A | 100.0 |  22.0
               +-------+-------+-------+-------+-------+----------------------

Table legend: (Time is in decaauts)
 A = Elapsed time spent in this place.
 B = Non-inter-level travel time spent in this place.
 C = Inter-level travel time spent in this place.
 D = Time resting spent in this place.
 E = Time spent auto-exploring this place.
 F = Levels seen in this place.
 G = Mean time per level.
                   A        B        C        D        E       F      G
               +--------+--------+--------+--------+--------+-----+--------+
         Total |   2363 |   2303 |     60 |    211 |   1777 |   5 |  472.6 |
       Dungeon |   2351 |   2291 |     60 |    211 |   1773 |   4 |  587.8 |
         Abyss |     12 |     12 |      0 |      0 |      4 |   1 |   12.0 |
               +--------+--------+--------+--------+--------+-----+--------+

Top non-repeatable levels by time:
     D:2: 1382 daAuts
     D:1: 898 daAuts
     D:3: 37 daAuts
     D:4: 33 daAuts
 Abyss:1: 12 daAuts
